 Dungeon Crawl Stone Soup version 0.31-a0-232-gb1c03b2570 (webtiles) character file.

Game seed: 8331662837273304505

39 Decritt the Trooper (level 3, -1/40 HPs)
             Began as an Ogre Fighter on July 7, 2023.
             Slain by a cerulean imp
             ... wielding a +4 spear
             ... summoned by Natasha
              (8 damage)
             ... on level 2 of the Dungeon.
             The game lasted 00:01:52 (951 turns).

Decritt the Trooper (Ogre Fighter)                   Turns: 951, Time: 00:01:53

Health: -1/40      AC:  3    Str: 22    XL:     3   Next: 47%
Magic:  3/3        EV:  8    Int:  9    God:
Gold:   22         SH:  7    Dex:  8    Spells: 2/2 levels left

rFire   . . .        a - +0 flail
rCold   . . .        c - +0 kite shield
rNeg    . . .        b - +0 robe
rPois   .            (helmet restricted)
rElec   .            (no cloak)
rCorr   .            (gloves unavailable)
SInv    .            (boots unavailable)
Will    .....        (no amulet)
Stlth   +            i - ring of flight
HPRegen 0.26/turn    (no ring)
MPRegen 0.08/turn

%: no passive effects
@: flying, slowed, very slow
A: large, unfitting armour, tough skin 1
a: no special abilities


You were on level 2 of the Dungeon.
You visited 1 branch of the dungeon, and saw 2 of its levels.

You collected 22 gold pieces.

Inventory:

Hand Weapons
 a - a +0 flail (weapon)
Armour
 b - a +0 robe (worn)
 c - a +0 kite shield (worn)
Jewellery
 i - a ring of flight (left hand)
Scrolls
 e - a scroll of immolation {unknown}
Potions
 d - a potion of might
 f - a potion of enlightenment {unknown}
 g - a potion of degeneration {unknown}
 h - a potion of mutation {unknown}
 j - a potion of brilliance {unknown}
 k - a potion of cancellation {unknown}


   Skills:
 * Level 4.7 Fighting
 * Level 2.4 Maces & Flails
 + Level 3.0 Dodging
 + Level 3.2 Shields


You had 2 spell levels left.
You didn't know any spells.
Your spell library contained the following spells:

 Spells                   Type           Power      Damage    Failure   Level
 Magic Dart               Conj           0%         1d3       67%         1
 Call Imp                 Summ           0%         N/A       80%         2
 Mephitic Cloud           Conj/Pois/Air  0%         N/A       95%         3


Dungeon Overview and Level Annotations

Branches:
Dungeon (2/15)

Altars:

Annotations:
D:2 Natasha


Innate Abilities, Weirdness & Mutations

You are too large for most types of armour.
You have tough skin. (AC +1)


Message History

The cerulean imp hits you with a +0 spear.
You block Natasha's attack.
The cerulean imp hits you with a +0 spear.
You closely miss Natasha.
Natasha is lightly wounded.
Natasha claws you!
The cerulean imp hits you with a +0 spear.
Natasha casts a spell at you.
You feel as though you will be slow longer.
You block the cerulean imp's attack.
You closely miss Natasha.
Natasha is lightly wounded.
Natasha barely misses you.
The cerulean imp hits you with a +0 spear.
* * * LOW HITPOINT WARNING * * *
Natasha closely misses you.
The cerulean imp hits you with a +0 spear.
* * * LOW HITPOINT WARNING * * *
You hit Natasha.
Natasha is moderately wounded.
Natasha mumbles some strange words.
You block the cerulean imp's attack. You block Natasha's attack.
You block the cerulean imp's attack. Natasha closely misses you.
You closely miss Natasha.
Natasha is moderately wounded.
You block the cerulean imp's attack.
The cerulean imp hits you with a +4 spear.
* * * LOW HITPOINT WARNING * * *
You block Natasha's attack. The cerulean imp closely misses you.
Natasha claws you.
* * * LOW HITPOINT WARNING * * *
You block the cerulean imp's attack.
The cerulean imp attacks as you move away!
The cerulean imp hits you with a +4 spear.
* * * LOW HITPOINT WARNING * * *
Natasha attacks as you move away! Natasha barely misses you.
The cerulean imp hits you with a +0 spear.
* * * LOW HITPOINT WARNING * * *
The cerulean imp hits you from afar with a +4 spear!
You die...

### #.#
#####.####
##...#...<##
$#........†.#.#
......†..@....#
#......5.5....#
#........h.....#
#............#.#
#.#...##.....#..#
#..#.. #####..#.#
##...# #... #...
.(. #.# ..


You could see Natasha and 2 cerulean imps.

Vanquished Creatures
  An adder (D:1)
  2 bats (D:1)
  An endoplasm (D:1)
  4 giant cockroaches (D:1)
  5 goblins (D:1)
  3 hobgoblins
  3 jackals (D:1)
  A quokka (D:1)
  A ball python (D:1)
  2 kobolds (D:1)
  5 rats
28 creatures vanquished.

Notes
Turn   | Place    | Note
-------+----------+-------------------------------------------
     0 | D:1      | Decritt the Ogre Fighter began the quest for the Orb.
     0 | D:1      | Reached XP level 1. HP: 24/24 MP: 1/1
    83 | D:1      | Reached XP level 2. HP: 28/32 MP: 2/2
   382 | D:1      | Reached XP level 3. HP: 40/40 MP: 3/3
   934 | D:2      | Noticed Natasha
   951 | D:2      | Slain by a cerulean imp

Illustrated notes

Levels and vault maps discovered:
D:1:      onia_arrival_mini_spirals, layout_basic
D:2:      layout_rooms, uniq_natasha

Skill      XL: |  1  2  3 |
---------------+----------+-----
Maces & Flails | 2 |  2.4
Dodging        | 3 |  3.0
Fighting       | |  4.7
Shields        | |  3.2

Action                     || total
---------------------------++-------
  Melee: Flail             ||    88
 Armour: Robe              ||    28
  Dodge: Dodged            ||    44
  Block: Kite shield       ||    54

Table legend: (Time is in decaauts)
 A = Elapsed time spent in this place.
 B = Non-inter-level travel time spent in this place.
 C = Inter-level travel time spent in this place.
 D = Time resting spent in this place.
 E = Time spent auto-exploring this place.
 F = Levels seen in this place.
 G = Mean time per level.
                   A        B        C        D        E       F      G
               +--------+--------+--------+--------+--------+-----+--------+
         Total |    995 |    986 |      9 |    134 |    643 |   2 |  497.5 |
       Dungeon |    995 |    986 |      9 |    134 |    643 |   2 |  497.5 |
               +--------+--------+--------+--------+--------+-----+--------+

Top non-repeatable levels by time:
     D:1: 933 daAuts
     D:2: 61 daAuts
